Map: 锈化山巅-天梯版

Players

iGCoffeeMs (Coffee) - Winner!

  • Race: Terran Terran
  • League: Master

Cyan

  • Race: Protoss Protoss

Event: DreamHack SC2 Masters 2021 Summer

VOD

Have the link to the VOD?

Description

Time

  • Played on: May 26, 2021, 9:27 a.m.
  • Length: 16:48

All games in this series

Show
View Real Time Build Order
Export as new Build Order

iGCoffeeMs Terran - Winner!

Build Orders:  

Get SALT Encoding   

  12  0:00  SCV  
  13  0:12  SCV  
  14  0:17  Supply Depot  
  14  0:24  SCV  
  15  0:38  SCV  
  15  0:40  Barracks  
  16  0:43  Refinery  
  16  0:51  SCV  
  17  1:02  Engineering Bay  
  17  1:03  SCV  
  18  1:15  SCV  
  19  1:27  Orbital Command, Marine  
  19  1:30  Supply Depot  
  20  1:45  Marine  
  20  1:46  Factory  
  21  1:53  SCV  
  22  2:04  Barracks Reactor  
  22  2:05  SCV  
  23  2:18  SCV  
  24  2:23  Command Center  
  24  2:30  SCV  
  24  2:33  Barracks  
  25  2:43  Supply Depot  
  26  2:46  Refinery  
  26  2:49  Hellion x2  
  29  2:52  Barracks Tech Lab  
  29  2:55  SCV  
  30  3:07  SCV  
  30  3:10  Stimpack  
  31  3:14  Marine  
  31  3:19  Engineering Bay  
  34  3:20  Widow Mine  
  34  3:22  SCV  
  34  3:34  SCV  
  34  3:37  Marine x3  
  34  3:45  Terran Infantry Weapons Level 1  
  34  3:48  SCV  
  35  3:53  Starport  
  35  3:55  Factory Reactor  
  35  4:00  Orbital Command  
  35  4:01  SCV  
  36  4:07  Marine x2  
  36  4:08  Marine  
  39  4:13  SCV  
  40  4:19  Supply Depot  
  40  4:21  Missile Turret  
  40  4:25  SCV x2  
  40  4:29  Marine x2  
  40  4:30  Marine  
  40  4:38  Medivac  
  45  4:39  Medivac  
  45  4:41  Factory Tech Lab  
  45  4:42  SCV  
  45  4:44  SCV  
  51  4:49  Marine x3  
  54  4:53  Supply Depot  
  54  5:00  Missile Turret  
  54  5:01  SCV x2  
  54  5:02  Combat Shield  
  56  5:13  Marine x2  
  56  5:14  Marine  
  56  5:23  Siege Tank  
  56  5:26  Barracks  
  56  5:27  SCV  
  56  5:28  SCV  
  61  5:31  Marine, Supply Depot  
  59  5:37  Marine x2  
  59  5:38  Starport Reactor  
  59  5:39  SCV  
  59  5:40  SCV  
  59  5:41  Supply Depot  
  62  5:46  Refinery  
  62  5:49  Marine  
  58  5:57  Marine x2  
  58  5:58  Siege Tank  
  58  5:59  SCV x2  
  65  6:07  Marine  
  65  6:08  Supply Depot  
  65  6:11  SCV x2  
  67  6:16  Marine x2  
  70  6:23  SCV x2, Marine x2  
  70  6:24  Medivac x2  
  78  6:35  SCV x2  
  78  6:37  Marine x2  
  78  6:38  Marauder  
  83  6:43  Refinery  
  83  6:45  Siege Tank  
  86  6:47  SCV x2  
  88  6:59  SCV x2  
  90  7:02  Command Center  
  90  7:04  Marauder  
  91  7:11  SCV  
  91  7:14  Marine x3  
  94  7:24  Marine  
  94  7:34  Terran Infantry Armor Level 1  
  94  7:35  Barracks  
  94  7:36  Barracks  
  94  7:39  Supply Depot  
  94  7:40  SCV x2, Viking x2, Supply Depot  
  100  7:50  Supply Depot  
  100  7:56  Marine x2  
  102  8:01  SCV x2, Marine x2, Concussive Shells, Siege Tank  
  102  8:02  Marauder  
  111  8:12  Viking x2  
  115  8:13  SCV  
  115  8:18  Orbital Command  
  116  8:21  SCV  
  116  8:25  Barracks Tech Lab x2  
  117  8:28  Marauder  
  117  8:32  Marine x4  
  123  8:36  Siege Tank  
  126  8:44  Orbital Command  
  126  8:46  Viking  
  126  8:47  Viking  
  130  8:54  Marauder x2  
  133  9:01  Marauder  
  133  9:06  SCV x2  
  134  9:11  Siege Tank  
  137  9:19  Viking x2  
  137  9:21  Bunker  
  141  9:30  SCV  
  141  9:42  SCV, Marauder x2, Supply Depot  
  141  9:43  Marauder, Supply Depot  
  141  9:44  Supply Depot  
  148  9:47  Marine  
  149  9:54  Marine x3  
  145  10:05  Marauder  
  145  10:06  Marauder, Siege Tank  
  113  10:22  Orbital Command  
  113  10:24  Marine  
  113  10:25  Marauder, Marine  
  113  10:27  Marauder  
  110  10:35  Marine  
  110  10:36  Marauder  
  110  10:38  Siege Tank  
  114  10:48  Orbital Command  
  108  11:12  Orbital Command  
  89  11:45  SCV, Marauder x2  
  89  11:46  Marauder  
  64  11:57  SCV  
  57  12:06  Marauder  
  57  12:07  Marauder  
  52  12:08  Marauder  
  52  12:09  SCV  
  52  12:12  Marine x2  
  52  12:13  SCV  
  52  12:14  Marine x2  
  48  12:26  SCV x2  
  45  12:30  Orbital Command  
  45  12:38  Medivac  
  45  12:39  Medivac  
  45  12:40  SCV x2  
  51  12:47  Siege Tank  
  51  12:49  Marauder  
  51  12:50  Marauder x2  
  60  12:52  SCV, Marine  
  60  12:55  SCV  
  60  12:56  SCV  
  64  13:06  Marine x3  
  64  13:10  SCV x2, Marine  
  70  13:16  Supply Depot  
  70  13:21  Siege Tank  
  73  13:31  Supply Depot  
  73  13:34  SCV x2  
  74  13:42  Supply Depot  
  74  13:46  Marauder x3  
  80  13:50  SCV x2  
  80  13:51  SCV  
  83  14:00  Siege Tank  
  86  14:04  Supply Depot  
  88  14:10  Marauder x2  
  88  14:12  Marauder  
  92  14:18  Marine x3  
  92  14:19  Marine  
  92  14:23  Supply Depot  
  96  14:32  Siege Tank  
  96  14:35  Marauder x2  
  102  14:38  Orbital Command  
  102  14:41  Marauder  
  104  14:59  Marauder  
  108  15:00  Marauder  
  108  15:02  Marauder  
  97  15:12  Orbital Command  
  91  15:15  SCV  
  91  15:21  Marauder x2  
  96  15:24  Marauder, Marine  
  98  15:41  Marine  
  98  15:42  Marauder  
  93  15:43  Marine  
  89  15:54  Marauder  
  57  16:09  Marine x2  
  55  16:29  Marine x2  
Show
View Real Time Build Order
Export as new Build Order

Cyan Protoss 

Build Orders: Oracle Opening, Phoenix Opening 

Get SALT Encoding   

  12  0:00  Probe  
  13  0:12  Probe  
  14  0:17  Pylon  
  14  0:24  Probe (Chrono Boost)  
  15  0:36  Probe (Chrono Boost)  
  15  0:37  Gateway  
  16  0:44  Probe (Chrono Boost)  
  16  0:47  Assimilator  
  17  0:51  Probe  
  18  1:03  Probe  
  19  1:15  Probe  
  20  1:25  Zealot, Pylon  
  22  1:27  Probe  
  22  1:28  Assimilator  
  22  1:30  Cybernetics Core  
  23  1:43  Probe  
  24  1:55  Probe  
  25  2:07  Probe, Stargate  
  26  2:08  Adept (Chrono Boost)  
  28  2:18  Warp Gate  
  28  2:29  Nexus  
  28  2:32  Probe  
  29  2:38  Pylon  
  30  2:44  Probe  
  30  2:53  Oracle (Chrono Boost)  
  30  2:58  Probe  
  34  3:02  Stalker  
  36  3:11  Probe  
  37  3:17  Shield Battery  
  37  3:21  Phoenix (Chrono Boost)  
  40  3:41  Phoenix  
  40  3:42  Probe (Chrono Boost)  
  40  3:46  Probe (Chrono Boost)  
  43  3:52  Probe (Chrono Boost)  
  43  3:55  Probe (Chrono Boost)  
  45  3:57  Probe (Chrono Boost), Gateway  
  46  4:05  Probe  
  46  4:06  Phoenix (Chrono Boost)  
  46  4:09  Probe  
  50  4:10  Pylon  
  50  4:15  Assimilator  
  50  4:17  Probe  
  50  4:19  Robotics Facility  
  50  4:21  Probe  
  52  4:27  Phoenix (Chrono Boost)  
  52  4:29  Probe  
  55  4:32  Assimilator  
  55  4:33  Probe  
  56  4:42  Probe (Chrono Boost)  
  56  4:45  Probe (Chrono Boost)  
  58  4:56  Sentry  
  58  4:57  Probe (Chrono Boost), Pylon  
  58  4:59  Probe (Chrono Boost)  
  62  5:00  Gateway  
  62  5:05  Pylon  
  62  5:14  Robotics Bay  
  62  5:15  Probe x2, Observer  
  65  5:23  Adept x2  
  65  5:27  Shield Battery  
  69  5:34  Immortal (Chrono Boost)  
  73  5:44  Adept  
  73  5:45  Adept  
  73  5:57  Adept  
  73  6:04  Probe  
  74  6:08  Forge  
  74  6:09  Twilight Council  
  74  6:14  Pylon  
  74  6:16  Nexus  
  74  6:18  Pylon  
  74  6:19  Extended Thermal Lance  
  74  6:22  Probe x2  
  76  6:29  Colossus (Chrono Boost)  
  82  6:33  Protoss Ground Weapons Level 1 (Chrono Boost)  
  82  6:38  Probe  
  82  6:39  Charge (Chrono Boost)  
  83  6:42  Gateway  
  83  6:43  Gateway  
  83  6:46  Gateway  
  83  6:48  Probe  
  83  6:50  Probe  
  85  6:54  Zealot, Sentry x2  
  91  7:15  Shield Battery  
  89  7:22  Pylon  
  89  7:27  Colossus (Chrono Boost), Pylon  
  89  7:28  Probe  
  89  7:29  Probe x2, Pylon  
  98  7:32  Zealot x3  
  98  7:35  Phoenix  
  106  7:39  Pylon  
  106  7:40  Probe  
  106  7:41  Probe  
  108  7:48  Gateway  
  108  7:52  Gateway  
  108  7:55  Probe x2  
  108  7:56  Probe  
  108  7:57  Observer  
  111  8:02  Phoenix  
  113  8:06  Assimilator  
  113  8:08  Templar Archives, Probe  
  113  8:11  Assimilator  
  114  8:14  Pylon  
  114  8:17  Colossus (Chrono Boost)  
  114  8:22  Probe  
  114  8:25  Probe  
  118  8:28  Pylon  
  118  8:35  Zealot x4  
  118  8:38  Pylon, Protoss Ground Armor Level 1 (Chrono Boost)  
  126  8:44  Blink  
  126  8:49  Zealot  
  126  8:53  High Templar x2  
  126  8:54  Zealot  
  134  8:57  Pylon  
  134  8:59  Archon  
  134  9:04  Warp Prism (Chrono Boost)  
  134  9:07  Pylon  
  134  9:09  High Templar  
  136  9:10  High Templar, Zealot x2  
  136  9:14  Archon, Zealot  
  136  9:15  Zealot  
  146  9:33  Observer (Chrono Boost)  
  145  9:43  Nexus  
  145  9:45  Pylon  
  145  9:47  Disruptor (Chrono Boost)  
  144  10:05  Stalker x6  
  144  10:06  Stalker x2  
  136  10:29  Stalker x4  
  133  10:50  Pylon  
  133  10:51  Pylon  
  133  10:53  Pylon  
  133  10:54  Pylon  
  127  11:05  Gateway  
  127  11:13  High Templar  
  74  12:31  Pylon  
  74  12:42  Gateway  
  74  12:44  Probe  
  75  12:50  Probe  
  74  13:00  Gateway, Cybernetics Core  
  74  13:03  Probe  
  75  13:06  Assimilator  
  75  13:09  Probe, Gateway  
  75  13:10  Assimilator  
  76  13:15  Pylon  
  76  13:24  Gateway  
  76  13:28  Gateway  
  76  13:30  Forge  
  76  13:31  Zealot  
  78  13:42  Twilight Council  
  78  13:52  Shield Battery  
  78  13:55  Shield Battery, Robotics Facility  
  78  13:57  Stalker x2  
  78  13:59  Shield Battery, Zealot  
  84  14:09  High Templar  
  86  14:16  Archon  
  86  14:17  Nexus  
  86  14:25  High Templar x2  
  86  14:26  Stalker  
  86  14:28  Pylon  
  92  14:31  Archon  
  92  14:32  Observer  
  92  14:37  Stalker  
  94  14:40  Zealot  
  96  14:46  Zealot  
  96  14:48  Disruptor (Chrono Boost)  
  101  14:59  Zealot x2, Sentry  
  105  15:14  High Templar  
  105  15:15  Zealot x2  
  111  15:22  High Templar  
  111  15:23  Zealot x2  
  111  15:25  Immortal  
  121  15:32  Archon  
  102  15:46  Zealot x5  
  104  15:56  Zealot  
  60  16:05  Immortal  
  60  16:09  Stalker x3  
  62  16:15  Zealot  
  48  16:19  High Templar  
  48  16:23  High Templar  
  49  16:28  Archon  
  47  16:39  Stalker  
Tags
 
Add a new tag
Caveats
  • Supply blocks, unpowered buildings, or Contaminate may cause inaccurate times.
  • Supply counts are checked every 10 seconds.